 Dungeon Crawl Stone Soup version 0.31-a0-986-g5e6e4ef867 (webtiles) character file.

Game seed: 1487637388928791206

193 avis the Changeling (level 5, 20/20 HPs)
             Began as a Felid Shapeshifter on Nov 23, 2023.
             Got out of the dungeon alive.
             The game lasted 00:13:38 (2233 turns).

avis the Changeling (Felid Shapeshifter)            Turns: 2233, Time: 00:13:38

Health: 20/20      AC:  1    Str: 10    XL:     5   Next: 43%
Magic:  6/6        EV: 18    Int: 17    God:
Gold:   252        SH:  0    Dex: 18    Spells: 4/4 levels left
                                        Lives:  1   Deaths: 1

rFire   . .          .
                       - Unarmed
rCold   . . .        (shield unavailable)
rNeg    . . .        (body armour unavailable)
rPois   .            (helmet unavailable)
rElec   .            (cloak unavailable)
rCorr   .            (gloves unavailable)
SInv    +            (boots unavailable)
Will    .....        (no amulet)
Stlth   +            m - +6 ring of intelligence
HPRegen 0.23/turn    (no ring)
MPRegen 0.10/turn

%: no passive effects
@: flux-form, glowing, quick
A: glow, contaminating, reduced hp, very small, claws 1, fangs 3, see invisible,
speed 1, shaggy fur 1, stealthy paws, no weapons or thrown items, no armour,
multi-lived
a: Begin Untransformation


You escaped.
You were something dangerously unstable.
You visited 1 branch of the dungeon, and saw 3 of its levels.

You collected 252 gold pieces.

Inventory:

Jewellery
 m - a +6 ring of intelligence (left paw)
Talismans
 b - a beast talisman
 c - a flux talisman (active)
Scrolls
 d - a scroll of torment {unknown}
 e - 2 scrolls of amnesia {unknown}
 g - a scroll of vulnerability {unknown}
 h - 2 scrolls of identify {unknown}
 i - a scroll of silence {unknown}
 j - a scroll of fear {unknown}
 k - a scroll of teleportation {unknown}
 n - a scroll of immolation {unknown}
Potions
 a - 2 potions of lignification
 f - 2 potions of curing {unknown}
 l - a potion of berserk rage {unknown}


   Skills:
 - Level 3.0 Fighting
 - Level 3.1 Dodging
 - Level 3.0 Unarmed Combat
 * Level 5.4 Shapeshifting


You had 4 spell levels left.
You didn't know any spells.
Your spell library contained the following spells:

 Spells                   Type           Power      Damage    Failure   Level
 Summon Guardian Golem    Hex/Summ       0%         N/A       56%         3
 Orb of Destruction       Conj           0%         9d5       100%        7
 Spellforged Servitor     Conj/Summ      0%         N/A       100%        7


Dungeon Overview and Level Annotations

Branches:
Dungeon (3/15)

Altars:

Annotations:
D:3 3 runed translucent doors, Ijyb; Nudhul's ghost, amateur MiBe


Innate Abilities, Weirdness & Mutations

You are something dangerously unstable.
You glow with magical radiation, making you easy to see and hit.
Foes you strike become dangerously contaminated with magical radiation.
Your maximum health is decreased, since you lack skill for your form.
You have sharp claws.
You have razor-sharp teeth.
You have supernaturally acute eyesight. (SInv)
You cover ground quickly. (Speed+)
You are covered in fur. (AC +1)
Your paws help you pounce on unaware monsters.
You are incapable of wielding weapons or throwing items.
You cannot wear armour.
You gain extra lives every three experience levels.


Message History

You scratch Ijyb but do no damage.
Ijyb glows dangerously bright.
You scratch Ijyb but do no damage.
Ijyb shudders as magic cascades through her.
Ijyb twists and deforms.
You bite Ijyb, but do no damage. Ijyb closely misses you.
The +1 spectral club hits you.
A +1 spectral club comes into view.
You scratch Ijyb.
Ijyb begins to glow.
You bite Ijyb.
Ijyb is moderately wounded.
The +1 spectral club hits you! Ijyb misses you. The +1 spectral club hits you.
* * * LOW HITPOINT WARNING * * *
The +1 spectral club hits you.
You die...
Your shape twists and changes as you die.
You rejoin the land of the living...
Found 11 gold pieces.
You now have 252 gold pieces (gained 11).
A frilled lizard comes into view.
The frilled lizard hisses angrily.
There is a stone staircase leading up here.
The frilled lizard misses you.
You climb upwards.
There is a stone staircase leading down here.
You closely miss the frilled lizard.
The frilled lizard completely misses you.
You scratch the frilled lizard.
You kill the frilled lizard!
What level of the Dungeon? (default 3, ? - help)
There is a stone staircase leading up here.
You climb upwards.
There is a stone staircase leading down here.
There is an open door here.
You see here a staff of fire.
There is a stone staircase leading down here.
There is a fountain of clear blue water here.
There is a stone staircase leading down here.
There is a fountain of clear blue water here.
There is an open door here.
There is an open door here.
There is a staircase leading out of the dungeon here.
You have escaped!

.#..#(#########......############
.##....รท(..........>.'...........
....###########......#...........
.#### #......#........... .#
#......#........... .#
#.................. .#
#######.##...###### .#
##...###.##.#.# .#
#..p..##....#.###### .#
######.....######........ ##
###...###...###...###..###.
##.......##'##.......##.# #. ##
#.........#.#.........#.# #. .#
#.........'.'.........#.# #. .##
#.........#.#.........#.# #. ..#
##.......##'##.......##.# #.
#.#######...####.####...###..# #.


There were no monsters in sight!

Vanquished Creatures
  Crazy Yiuf (D:2)
  Terence (D:2)
  Robin (D:2)
  4 adders (D:2)
  A worm (D:2)
  2 dart slugs
  3 orcs (D:3)
  5 ball pythons
  6 bats
  3 endoplasms
  3 giant cockroaches
  11 goblins
  8 hobgoblins
  11 jackals
  6 kobolds
  4 frilled lizards
  8 rats
78 creatures vanquished.

Notes
Turn   | Place    | Note
-------+----------+-------------------------------------------
     0 | D:1      | avis the Felid Shapeshifter began the quest for the Orb.
     0 | D:1      | Reached XP level 1. HP: 9/9 MP: 2/2
   123 | D:1      | Reached XP level 2. HP: 13/13 MP: 3/3
   354 | D:1      | Reached XP level 3. HP: 16/16 MP: 4/4
   955 | D:2      | Noticed Robin
   962 | D:2      | Reached skill level 4 in Shapeshifting
   968 | D:2      | Reached XP level 4. HP: 21/21 MP: 5/5
  1026 | D:2      | Killed Robin
  1209 | D:2      | Found a runed translucent door.
  1210 | D:2      | Noticed Crazy Yiuf
  1329 | D:2      | Noticed Terence
  1336 | D:2      | Killed Terence
  1337 | D:2      | Reached skill level 5 in Shapeshifting
  1337 | D:2      | Reached XP level 5. HP: 21/24 MP: 6/6
  1688 | D:2      | Killed Crazy Yiuf
  2029 | D:3      | Found a runed translucent gate.
  2030 | D:3      | Found a runed translucent gate.
  2030 | D:3      | Noticed Nudhul's ghost (amateur MiBe)
  2031 | D:3      | Found a runed translucent gate.
  2122 | D:3      | Noticed Ijyb
  2141 | D:3      | Slain by a +1 spectral club
  2233 | D:$      | Got out of the dungeon alive.

Illustrated notes

Levels and vault maps discovered:
D:1:      dpeg_arrival_three_bigger_balls, layout_basic, chequers_jeans,
          minmay_tall_x
D:2:      layout_loops_ring, uniq_crazy_yiuf_cottage, uniq_robin, uniq_terence
D:3:      layout_loops_cross, nicolae_overflow_two_pavilions,
          gammafunk_ghost_split, uniq_ijyb, uniq_natasha

Skill      XL: |  1  2  3  4 |
---------------+-------------+-----
Fighting       | 2 3 |  3.0
Dodging        | 3 |  3.1
Shapeshifting  | 4 5 |  5.4
Unarmed Combat | |  3.0

Action                     |  1- 3 |  4- 6 || total
---------------------------+-------+-------++-------
  Melee: Unarmed           |    95 |    76 ||   171
         Bite              |     7 |    15 ||    22
         Punch             |     2 |     2 ||     4
   Stab: Sleeping          |       |     2 ||     2
 Armour: Skin              |    13 |    23 ||    36
  Dodge: Dodged            |    56 |    41 ||    97
   Form: Flux              |       |     1 ||     1

Table legend: (Time is in decaauts)
 A = Elapsed time spent in this place.
 B = Non-inter-level travel time spent in this place.
 C = Inter-level travel time spent in this place.
 D = Time resting spent in this place.
 E = Time spent auto-exploring this place.
 F = Levels seen in this place.
 G = Mean time per level.
                   A        B        C        D        E       F      G
               +--------+--------+--------+--------+--------+-----+--------+
         Total |   1904 |   1684 |    220 |    256 |    845 |   3 |  634.7 |
       Dungeon |   1904 |   1684 |    220 |    256 |    845 |   3 |  634.7 |
               +--------+--------+--------+--------+--------+-----+--------+

Top non-repeatable levels by time:
     D:2: 917 daAuts
     D:1: 712 daAuts
     D:3: 274 daAuts
